 Dungeon Crawl Stone Soup version 0.28-a0-655-g4eb62b627b (webtiles) character file.

Game seed: 5610683820814851310

1834 bande the Chopper (level 9, -2/54 HPs)
             Began as a Gargoyle Fighter on Oct 13, 2021.
             Was a Follower of Okawaru.
             Slain by a howler monkey (4 damage)
             ... on level 7 of the Dungeon.
             The game lasted 00:12:50 (8405 turns).

bande the Chopper (Gargoyle Fighter)                Turns: 8405, Time: 00:12:51

Health: -2/54      AC: 17    Str: 27    XL:     9   Next: 11%
Magic:  11/11      EV:  8    Int:  9    God:    Okawaru [*.....]
Gold:   347        SH:  6    Dex: 11    Spells: 8/8 levels left

rFire   . . .      SeeInvis +   a - +1 war axe
rCold   . . .      Faith    .   c - +1 buckler
rNeg    + . .      Spirit   .   n - +0 chain mail
rPois   ∞          Reflect  .   (no helmet)
rElec   +          Harm     .   s - +2 cloak
rCorr   .          Rampage  .   (no gloves)
Will    .....                   d - +0 pair of boots
Stlth   ..........              (no amulet)
HPRegen 0.18/turn               q - ring of see invisible
MPRegen 0.12/turn               t - +6 ring of strength

@: corroded, flying
A: sickness immunity, AC +6, negative energy resistance 1, electricity
resistance, torment resistance 1, petrification resistance
a: Renounce Religion, Heroism


You were on level 7 of the Dungeon.
You worshipped Okawaru.
Okawaru was aware of your devotion.
You visited 2 branches of the dungeon, and saw 8 of its levels.
You also visited: Ossuary.

You collected 347 gold pieces.

Inventory:

Hand Weapons
 a - a +1 war axe (weapon)
 e - a +0 flail
 l - a +0 war axe
Armour
 c - a +1 buckler (worn)
 d - a +0 pair of boots (worn)
 n - a +0 chain mail (worn)
 s - a +2 cloak (worn)
Jewellery
 h - a ring of fire
 o - a ring of ice
 q - a ring of see invisible (left hand)
 t - a +6 ring of strength (right hand)
 v - a ring of wizardry
Wands
 i - a wand of paralysis (8)
 u - a wand of flame (19)
 w - a wand of acid (10)
Scrolls
 g - a scroll of enchant armour
 y - a scroll of brand weapon {unknown}
 C - a scroll of fog
Potions
 b - 2 potions of invisibility
 j - a potion of ambrosia
 k - 3 potions of brilliance
 m - a potion of cancellation {unknown}
 p - 4 potions of heal wounds
 r - 3 potions of magic
 x - a potion of lignification {unknown}
 z - a potion of resistance {unknown}
 A - 4 potions of haste
 B - a potion of curing {unknown}


   Skills:
 + Level 5.2 Fighting
 + Level 6.8 Axes
 + Level 6.2 Armour
 + Level 5.1 Shields
 * Level 3.1 Invocations
 * Level 3.7 Evocations


You had 8 spell levels left.
You didn't know any spells.
Your spell library contained the following spells:

 Spells                   Type           Power      Damage    Failure   Level
 Magic Dart               Conj           0%         1d3       91%         1
 Searing Ray              Conj           0%         2d4       97%         2
 Gell's Gravitas          Tloc           0%         N/A       100%        3
 Teleport Other           Tloc           0%         N/A       100%        3
 Fulminant Prism          Conj/Hex       0%         3d6       100%        4
 Dispersal                Tloc           0%         N/A       100%        6


Dungeon Overview and Level Annotations

Branches:
Dungeon (7/15)             Temple (1/1) D:5         Ossuary (visited)

Altars:
Cheibriados
Elyvilon
Makhleb
Okawaru
Qazlal
Ru
Sif Muna

Shops:
D:6 [


Innate Abilities, Weirdness & Mutations

You are immune to sickness and miasma.
Your stone body is resilient. (AC +6)
You are immune to poison.
You resist negative energy. (rN+)
You are resistant to electric shocks. (rElec)
You are resistant to unholy torment.
You are immune to petrification.


Message History

The acid dragon bites you but does no damage.
The acid dragon claws you. The black bear barely misses you.
The black bear closely misses you. The black bear barely misses you.
Unknown command.
It was a potion of flight.
You feel very buoyant.
You fly up into the air.
The hound bites you. The howler monkey hits you.
The water moccasin bites you but does no damage.
The acid dragon bites you.
The acid dragon claws you but does no damage.
The black bear barely misses you.
The black bear claws you but does no damage.
The black bear claws you.
* * * LOW HITPOINT WARNING * * *
The howler monkey hits you.
* * * LOW HITPOINT WARNING * * *
The hound barely misses you.
The water moccasin bites you but does no damage.
You slash the black bear!
The black bear is severely wounded.
You closely miss the hound. You slash the acid dragon!
You miss the water moccasin. You hit the howler monkey.
The hound closely misses you. The water moccasin bites you.
* * * LOW HITPOINT WARNING * * *
The acid dragon bites you but does no damage.
The acid dragon claws you.
* * * LOW HITPOINT WARNING * * *
The howler monkey hits you but does no damage.
You block the black bear's attack. x2
The black bear claws you but does no damage.
You slash the black bear!
You kill the black bear!
Okawaru accepts your kill.
You hit the howler monkey but do no damage.
You miss the water moccasin. You completely miss the acid dragon.
You hit the hound but do no damage. The hound bites you but does no damage.
The water moccasin bites you.
* * * LOW HITPOINT WARNING * * *
The howler monkey hits you.
You die...

..#########.#
........#... #. ##.
........#.# #. #..
..........# #.###..
..........# ##.....#
.......<..###......#
...................# #
................Dh.#.#
..........##.#..@†D.#
#..........#.#..Sh..#
#.......##...#(.....#
#.........)#.....#...#
....(......#.##........
.....................##.
....####........#.$....
... #...#.####...... ..
#.....# ..##.


You could see a steam dragon, a water moccasin, an acid dragon, a howler monkey
and a hound.

Vanquished Creatures
  Prince Ribbit (D:5)
  A sky beast (D:5)
  2 black bears
  A necrophage (D:4)
  2 ogres
  Blork the orc (D:6)
  A gnoll sergeant (D:5)
  A scorpion (D:5)
  A wyvern skeleton (D:5)
  A water moccasin skeleton (D:5)
  3 wights (D:6)
  4 centaur zombies
  2 orc priests
  A bullfrog skeleton (D:5)
  2 hounds
  3 orc wizards
  2 iguanas (D:6)
  5 mummies
  A howler monkey zombie (D:5)
  7 adders
  14 gnolls
  An adder skeleton (D:4)
  4 worms
  A dart slug (D:3)
  11 orcs
  10 ball pythons
  8 bats
  7 endoplasms
  5 giant cockroaches
  13 goblins
  8 hobgoblins
  2 jackals (D:4)
  5 quokkas
  5 frilled lizards
  A gnoll zombie (Ossuary)
  A goblin zombie (Ossuary)
  A hobgoblin zombie (Ossuary)
  6 kobolds
  A kobold zombie (Ossuary)
  An orc zombie (Ossuary)
  2 rats
149 creatures vanquished.

Notes
Turn   | Place    | Note
-------+----------+-------------------------------------------
     0 | D:1      | bande the Gargoyle Fighter began the quest for the Orb.
     0 | D:1      | Reached XP level 1. HP: 14/14 MP: 1/1
   161 | D:1      | Reached XP level 2. HP: 19/19 MP: 2/2
   938 | D:1      | Reached XP level 3. HP: 23/23 MP: 3/3
  1822 | D:2      | Found a faded altar of an unknown god.
  1823 | D:2      | Found a white marble altar of Elyvilon.
  1930 | D:2      | Reached XP level 4. HP: 15/29 MP: 4/4
  2725 | D:3      | Found a sacrificial altar of Ru.
  2741 | D:3      | Reached XP level 5. HP: 33/33 MP: 5/5
  3501 | D:4      | Noticed a black bear
  3511 | D:4      | Killed a black bear
  3512 | D:4      | Reached skill level 1 in Evocations
  3512 | D:4      | Reached XP level 6. HP: 26/38 MP: 6/6
  4879 | D:5      | Entered Level 5 of the Dungeon
  4881 | D:5      | Noticed Prince Ribbit
  4889 | D:5      | Noticed a necrophage
  5072 | D:4      | Killed a necrophage
  5073 | D:4      | Reached XP level 7. HP: 38/43 MP: 7/7
  5127 | D:5      | Killed Prince Ribbit
  5128 | D:5      | Reached skill level 5 in Axes
  5128 | D:5      | Reached skill level 5 in Armour
  5635 | D:5      | Found a staircase to the Ecumenical Temple.
  5643 | Temple   | Entered the Ecumenical Temple
  5651 | Temple   | Became a worshipper of Warmaster Okawaru
  5856 | D:5      | Reached XP level 8. HP: 46/48 MP: 8/8
  5981 | D:5      | Found a snail-covered altar of Cheibriados.
  6141 | D:5      | Reached skill level 1 in Invocations
  6513 | D:6      | Found a sand-covered staircase.
  6525 | Ossuary  | Entered an ossuary
  6904 | D:6      | Noticed Blork the orc
  6923 | D:6      | Killed Blork the orc
  7082 | D:6      | Found Pyrghenle's Antique Armour Boutique.
  7180 | D:6      | Reached * piety under Okawaru
  7215 | D:6      | Reached skill level 5 in Fighting
  7419 | D:6      | Reached skill level 5 in Shields
  7733 | D:6      | Reached XP level 9. HP: 18/54 MP: 11/11
  8324 | D:6      | Found a burning altar of Makhleb.
  8405 | D:7      | HP: 2/54 [water moccasin (6)]
  8405 | D:7      | Slain by a howler monkey

Illustrated notes

Levels and vault maps discovered:
D:1:      dpeg_arrival_morbid_curiosity, layout_loops_ring, chequers_arboretum
D:2:      layout_loops_ring, basic_altar, ebering_ecumenical_altar_rust,
          solitary_fountain, moated_statue, st_stairs_2, nrook_uturn,
          serial_park_tiny_pond, columned_hall_lemuel
D:3:      layout_basic, nicolae_ru_great_annihilating_truth,
          minmay_misc_feat_rows
D:4:      layout_basic
D:5:      layout_cave_pods, slow_altar_1, minmay_temple_entry_mini_moons,
          uniq_prince_ribbit1
D:6:      layout_basic, makhleb_blood_cavern_becter, gup_ossuary_entry_pyramid,
          serial_shops, nicolae_shop_competitors_out_of_business,
          uniq_blork_the_orc
D:7:      layout_rooms, nicolae_dithmenos_through_a_glass_darkly,
          gammafunk_temple_overflow_claw, minmay_alternating_orb, uniq_maggie
Temple:   dshaligram_water_room_temple

Skill      XL: |  1  2  3  4  5  6  7  8  9 |
---------------+----------------------------+-----
Axes           | 2 3 4 5 6 |  6.8
Armour         | 4 5 6 |  6.2
Shields        | 4 5 |  5.1
Fighting       | 4 5 |  5.2
Evocations     | 1 2 3 |  3.7
Invocations    | 2 3 |  3.1

Action                   |  1- 3 |  4- 6 |  7- 9 || total
-------------------------+-------+-------+-------++-------
Melee: War axe           |   141 |   187 |   198 ||   526
  Use: Scroll            |       |     6 |     8 ||    14
       Potion            |       |       |     3 ||     3
 Stab: Paralysed         |       |     1 |       ||     1
Armor: Scale mail        |   102 |       |       ||   102
       Chain mail        |     4 |   132 |   166 ||   302
Dodge: Dodged            |    72 |    65 |    95 ||   232
Block: Buckler           |    31 |    54 |    60 ||   145

Table legend: (Time is in decaauts)
 A = Elapsed time spent in this place.
 B = Non-inter-level travel time spent in this place.
 C = Inter-level travel time spent in this place.
 D = Time resting spent in this place.
 E = Time spent auto-exploring this place.
 F = Levels seen in this place.
 G = Mean time per level.
                   A        B        C        D        E       F      G
               +--------+--------+--------+--------+--------+-----+--------+
         Total |   8563 |   8541 |     22 |   1551 |   5314 |   9 |  951.4 |
       Dungeon |   8167 |   8145 |     22 |   1551 |   5048 |   7 | 1166.7 |
        Temple |     16 |     16 |      0 |      0 |      2 |   1 |   16.0 |
       Ossuary |    379 |    379 |      0 |      0 |    264 |   1 |  379.0 |
               +--------+--------+--------+--------+--------+-----+--------+

Top non-repeatable levels by time:
     D:4: 1842 daAuts
     D:6: 1495 daAuts
     D:5: 1420 daAuts
     D:2: 1390 daAuts
     D:1: 1342 daAuts
     D:3: 632 daAuts
 Ossuary: 379 daAuts
     D:7: 46 daAuts
  Temple: 16 daAuts
